 Dungeon Crawl Stone Soup version 0.26-a0-540-g8a0c9464d7 (webtiles) character file.

Game seed: 9562926690564429941

824 HoaS the Ruffian (level 7, -2/40 HPs)
             Began as a Gargoyle Gladiator on Aug 24, 2020.
             Was a Follower of Makhleb.
             Killed from afar by an orc wizard (6 damage)
             ... with a magic dart
             ... on level 6 of the Dungeon.
             The game lasted 00:09:48 (5146 turns).

HoaS the Ruffian (Gargoyle Gladiator)               Turns: 5146, Time: 00:09:49

Health: -2/40      AC: 20    Str: 19    XL:     7   Next: 96%
Magic:  7/7        EV:  7    Int:  9    God:    Makhleb [*.....]
Gold:   249        SH:  5    Dex: 11    Spells: 6/6 levels left

rFire    . . .     SeeInvis .     - Unarmed
rCold    + . .     Faith    .   (no shield)
rNeg     + . .     Spirit   .   k - +0 plate armour
rPois    ∞         Reflect  +   b - +1 helmet
rElec    +         Harm     .   (no cloak)
rCorr    .                      (no gloves)
MR       .....                  (no boots)
Stlth    ..........             d - amulet of reflection
HPRegen  0.13/turn              r - ring of protection from cold
MPRegen  0.10/turn              t - +4 ring of protection

@: no status effects
A: negative energy resistance 1, electricity resistance, unbreathing,
petrification resistance, rot immunity, AC +4
a: Renounce Religion


You were on level 6 of the Dungeon.
You worshipped Makhleb.
Makhleb was aware of your devotion.
You visited 2 branches of the dungeon, and saw 7 of its levels.

You collected 249 gold pieces.

Inventory:

Missiles
 h - 8 poisoned darts (quivered)
 n - 14 boomerangs
 s - 6 javelins
Armour
 b - a +1 helmet (worn)
 k - a +0 plate armour (worn)
Jewellery
 d - an amulet of reflection (around neck)
 r - a ring of protection from cold (left hand)
 t - a +4 ring of protection (right hand)
Scrolls
 e - 6 scrolls of teleportation
 f - a scroll of identify
 m - 3 scrolls of remove curse
 p - a scroll of fear
Potions
 a - 2 potions of flight
 g - 4 potions of curing
 j - 2 potions of might {unknown}
 l - a potion of degeneration {unknown}
 o - 2 potions of magic {unknown}
 q - a potion of mutation {unknown}


   Skills:
 - Level 2.1 Fighting
 - Level 1.7 Throwing
 + Level 4.7 Dodging
 * Level 7.7 Unarmed Combat


You had 6 spell levels left.
You didn't know any spells.
Your spell library contained the following spells:

 Spells                   Type           Power        Failure   Level
 Sting                    Tmut/Pois      #...         100%        1
 Poisonous Vapours        Pois/Air       #.....       100%        2
 Ignite Poison            Fire/Tmut/Pois #.......     100%        3
 Mephitic Cloud           Conj/Pois/Air  #.......     100%        3
 Olgreb's Toxic Radiance  Pois           #.......     100%        4


Dungeon Overview and Level Annotations

Branches:
Dungeon (6/15)             Temple (1/1) D:4

Altars:
Ashenzari
Cheibriados
Dithmenos
Elyvilon
Fedhas
Gozag
Hepliaklqana
Kikubaaqudgha
Makhleb
Nemelex Xobeh
Okawaru
Qazlal
Ru
Sif Muna
Trog
Uskayaw
Vehumet
Wu Jian
Xom
Yredelemnul
The Shining One

Shops:
D:4 [(


Innate Abilities, Weirdness & Mutations

You are resistant to torment.
Your stone body is resilient. (AC +4)
You are immune to poison.
You resist negative energy. (rN+)
You are resistant to electric shocks. (rElec)
You can survive without breathing.
You are immune to petrification.
You are immune to rotting.


Message History

You hit the orc warrior but do no damage.
The orc warrior is severely wounded.
The orc warrior barely misses you. Something hits you but does no damage.
You hit the orc warrior but do no damage.
The orc warrior is severely wounded.
You hit the orc warrior.
The orc warrior is severely wounded.
The orc warrior hits you with a +0 mace.
* * * LOW HITPOINT WARNING * * *
Something hits you but does no damage.
You hit the orc warrior but do no damage.
The orc warrior is severely wounded.
Something hits you but does no damage. The orc warrior barely misses you.
Your plate armour prevents you from hitting the orc warrior.
The orc warrior is severely wounded.
An orc wizard appears from thin air!
Reactivating autopickup.
The orc wizard points at you and mumbles some strange words.
The magic dart hits you.
You die...

........).)#####..
...........(.##...
................#
................#
......#....##...#
#.....##...##...###
..... #...$.##...#
......#......loo.# .
.......)....#@##
..........####
##.......... .
....$........#
....##.............
....#...#...........
...>#...##........#.
... .. .......#.#
...


You could see an orc warrior, an iguana and an orc wizard.

Vanquished Creatures
  A sky beast (D:5)
  An ogre (D:5)
  2 scorpions
  A howler monkey (D:5)
  A centaur zombie (D:5)
  A bullfrog zombie (D:6)
  2 orc priests (D:6)
  3 orc wizards
  A worker ant (D:4)
  Robin (D:4)
  3 gnolls (D:2)
  10 adders
  A white imp (D:5)
  An ufetubus (D:5)
  An ooze (D:3)
  2 dart slugs (D:1)
  5 leopard geckos
  16 orcs
  9 bats
  6 giant cockroaches
  18 goblins
  10 hobgoblins
  14 jackals
  A quokka (D:2)
  2 ball pythons
  3 frilled lizards
  12 kobolds
  A leopard gecko skeleton (D:4)
  9 rats
138 creatures vanquished.

Notes
Turn   | Place    | Note
-------+----------+-------------------------------------------
     0 | D:1      | HoaS the Gargoyle Gladiator began the quest for the Orb.
     0 | D:1      | Reached XP level 1. HP: 12/12 MP: 1/1
   321 | D:1      | Reached XP level 2. HP: 13/17 MP: 2/2
   713 | D:1      | Reached XP level 3. HP: 21/21 MP: 3/3
  1011 | D:2      | Reached skill level 4 in Unarmed Combat
  1091 | D:2      | Reached XP level 4. HP: 26/26 MP: 4/4
  1275 | D:2      | Reached XP level 5. HP: 30/30 MP: 5/5
  1567 | D:2      | Reached skill level 5 in Unarmed Combat
  2082 | D:3      | Found a basalt altar of Yredelemnul.
  2084 | D:3      | Found a hazy altar of Hepliaklqana.
  2084 | D:3      | Found a radiant altar of Vehumet.
  2085 | D:3      | Found a hide-covered altar of Uskayaw.
  2086 | D:3      | Found a blossoming altar of Fedhas.
  2086 | D:3      | Found a shimmering blue altar of Sif Muna.
  2086 | D:3      | Found a shadowy altar of Dithmenos.
  2087 | D:3      | Found a sacrificial altar of Ru.
  2514 | D:4      | Found a staircase to the Ecumenical Temple.
  2528 | Temple   | Entered the Ecumenical Temple
  2669 | Temple   | Became a worshipper of Makhleb the Destroyer
  2813 | D:4      | Reached XP level 6. HP: 35/35 MP: 6/6
  2895 | D:4      | Noticed Robin
  2984 | D:4      | Killed Robin
  3082 | D:4      | Found Liaskag's Antique Weapon Shop.
  3224 | D:4      | Found Iptuloti's Antique Armour Boutique.
  3773 | D:5      | Entered Level 5 of the Dungeon
  3822 | D:5      | Reached skill level 6 in Unarmed Combat
  4085 | D:5      | Found a sacrificial altar of Ru.
  4139 | D:5      | Reached XP level 7. HP: 34/40 MP: 7/7
  4189 | D:5      | Reached * piety under Makhleb
  4336 | D:5      | Reached skill level 7 in Unarmed Combat
  5146 | D:6      | Killed from afar by an orc wizard

Illustrated notes

Levels and vault maps discovered:
D:1:      nicolae_arrival_washed_ashore, layout_loops_cross
D:2:      layout_basic
D:3:      layout_loops_ring, grunt_temple_overflow_open, hangedman_decor_push
D:4:      layout_layer_cave, minmay_temple_entry_mini_moons, serial_shops, shop,
          shop, uniq_robin
D:5:      layout_layer_cave, nicolae_ru_great_annihilating_truth
D:6:      layout_cave_pools, biasface_ghost_orc_armoury
Temple:   dshaligram_water_room_temple

Skill      XL: |  1  2  3  4  5  6  7 |
---------------+----------------------+-----
Unarmed Combat | 4 5 6 7 |  7.7
Dodging        | 3 4 |  4.7
Fighting       | |  2.1
Throwing       | |  1.7

Action                   |  1- 3 |  4- 6 |  7- 9 || total
-------------------------+-------+-------+-------++-------
Melee: Unarmed           |   179 |   305 |   202 ||   686
       Punch             |     4 |     5 |     5 ||    14
Throw: Throwing net      |       |     2 |     1 ||     3
       Dart              |       |       |     1 ||     1
  Use: Scroll            |     6 |     7 |     1 ||    14
       Potion            |       |       |     1 ||     1
 Stab: Held in net/web   |       |     2 |       ||     2
       Paralysed         |       |     1 |       ||     1
Armor: Leather armour    |    19 |       |       ||    19
       Scale mail        |    41 |       |       ||    41
       Plate armour      |    40 |   183 |   163 ||   386
Dodge: Dodged            |    72 |    74 |    60 ||   206
Block: Other             |    23 |    58 |    56 ||   137
       Reflection        |     2 |     1 |     3 ||     6

Table legend: (Time is in decaauts)
 A = Elapsed time spent in this place.
 B = Non-inter-level travel time spent in this place.
 C = Inter-level travel time spent in this place.
 D = Time resting spent in this place.
 E = Time spent auto-exploring this place.
 F = Levels seen in this place.
 G = Mean time per level.
                   A        B        C        D        E       F      G
               +--------+--------+--------+--------+--------+-----+--------+
         Total |   5083 |   4924 |    159 |    258 |   3477 |   7 |  726.1 |
       Dungeon |   4932 |   4773 |    159 |    258 |   3368 |   6 |  822.0 |
        Temple |    150 |    150 |      0 |      0 |    109 |   1 |  150.0 |
               +--------+--------+--------+--------+--------+-----+--------+

Top non-repeatable levels by time:
     D:4: 1154 daAuts
     D:5: 1051 daAuts
     D:1: 888 daAuts
     D:2: 775 daAuts
     D:3: 765 daAuts
     D:6: 298 daAuts
  Temple: 150 daAuts
